 Dungeon Crawl Stone Soup version 0.30-a0-718-geaa24f58ff (webtiles) character file.

Game seed: 15654659988598561826

230 fozzywoppz the Chopper (level 5, -4/46 HPs)
             Began as a Minotaur Gladiator on Jan 25, 2023.
             Slain by an orc
             ... wielding a +2 hand axe of electrocution
              (5 damage)
             ... on level 4 of the Dungeon.
             The game lasted 00:04:47 (2454 turns).

fozzywoppz the Chopper (Minotaur Gladiator)         Turns: 2454, Time: 00:04:48

Health: -4/46      AC:  4    Str: 20    XL:     5   Next: 72%
Magic:  4/4        EV: 13    Int:  5    God:
Gold:   165        SH:  0    Dex: 12    Spells: 4/4 levels left

rFire   . . .      SeeInvis .    a - +0 war axe
rCold   . . .      Faith    .    (no shield)
rNeg    . . .      Spirit   .    b - +0 leather armour
rPois   .          Reflect  .    c - +0 hat
rElec   .          Harm     .    m - +0 cloak
rCorr   .          Rampage  .    (no gloves)
Will    .....                    (no boots)
Stlth   +                        (no amulet)
HPRegen 0.27/turn                (no ring)
MPRegen 0.09/turn                (no ring)

@: no status effects
A: horns 2, retaliatory headbutt
a: no special abilities


You were on level 4 of the Dungeon.
You visited 1 branch of the dungeon, and saw 4 of its levels.

You collected 165 gold pieces.

Inventory:

Hand Weapons
 a - a +0 war axe (weapon)
Missiles
 d - 3 throwing nets (quivered)
 e - a javelin
Armour
 b - a +0 leather armour (worn)
 c - a +0 hat (worn)
 m - a +0 cloak (worn)
 w - a +0 chain mail
Wands
 u - a wand of mindburst (13)
 y - a wand of light (12)
Scrolls
 j - 2 scrolls of amnesia {unknown}
 k - a scroll of poison {unknown}
 n - 6 scrolls of teleportation {unknown}
 p - a scroll of immolation {unknown}
 s - a scroll of identify {unknown}
 t - a scroll of fear {unknown}
 v - a scroll of fog {unknown}
Potions
 f - a potion of brilliance {unknown}
 g - a potion of curing
 h - a potion of magic {unknown}
 i - a potion of heal wounds {unknown}
 l - a potion of berserk rage {unknown}
 o - a potion of invisibility {unknown}
 q - a potion of lignification
 r - a potion of mutation {unknown}
 x - a potion of haste {unknown}


   Skills:
 + Level 4.2 Fighting
 + Level 4.9 Axes
 + Level 3.4 Throwing
 + Level 4.6 Dodging


You had 4 spell levels left.
You didn't know any spells.
Your spell library contained the following spells:

 Spells                   Type           Power      Damage    Failure   Level
 Apportation              Tloc           0%         N/A       54%         1
 Call Canine Familiar     Summ           0%         N/A       88%         3
 Portal Projectile        Hex/Tloc       0%         N/A       88%         3
 Leda's Liquefaction      Hex/Erth       0%         N/A       99%         4
 Alistair's Intoxication  Tmut/Pois      0%         N/A       100%        5


Dungeon Overview and Level Annotations

Branches:
Dungeon (4/15)
 Temple: D:4-7

Altars:
Yredelemnul

Shops:
D:3 [


Innate Abilities, Weirdness & Mutations

You have a pair of horns on your head.
You reflexively headbutt those who attack you in melee.


Message History

You barely miss the jelly.
The jelly is moderately wounded.
The jelly barely misses you.
You slash the jelly!
You kill the jelly!
You hit the orc.
The orc is moderately wounded.
The orc hits you with a +0 flail! The orc misses you.
You closely miss the orc.
The orc is moderately wounded.
The orc hits you with a +0 flail.
You hit the orc.
You kill the orc!
There is an open door, spattered with blood here.
You see here a +0 flail.
An endoplasm comes into view.
The endoplasm quivers.
There is an open door, spattered with blood here.
You see here a +0 flail.
The endoplasm barely misses you.
You slash the endoplasm!
You kill the endoplasm!
You now have 165 gold pieces (gained 16).
An orc and an orc priest come into view.
The orc is wielding a +2 hand axe of electrocution.
The orc shouts!
You hear a shout! 2 orcs come into view.
An orc is wielding a staff of conjuration.
Found a stone staircase leading down.
The orc shouts!
The orc priest shouts!
The orc shouts!
You are no longer corroded.
You see here a scroll labelled MUSIUHE TOTHEZ.
You barely miss the orc priest.
The orc priest invokes the aid of Beogh against you.
Pain shoots through your body!
The orc priest mumbles some strange prayers to Beogh against you.
Beogh smites you!
* * * LOW HITPOINT WARNING * * *
The orc hits you with a +2 hand axe of electrocution.
You die...

#.####...# #.########
#.##.....# ##)#......#
##.........# #####
#).........# ....##.
#..........# .......
#..........##.......
#...........@.o.....
#.....#.......oo.o....
#.....+...............
#....##...............
#.... #...............
#.... #....##...#####.
#.....#..## ..... ..>#


You could see an orc priest and 3 orcs.

Vanquished Creatures
  Pargi (D:3)
  A jelly (D:4)
  Terence (D:3)
  3 adders
  A dart slug (D:2)
  An orc (D:4)
  6 endoplasms
  5 giant cockroaches
  9 goblins
  3 hobgoblins
  2 quokkas (D:2)
  2 ball pythons
  A bat (D:2)
  5 frilled lizards
  8 kobolds
  6 rats
55 creatures vanquished.

Vanquished Creatures (others)
  2 plants (D:3)
2 creatures vanquished.

Grand Total: 57 creatures vanquished

Notes
Turn   | Place    | Note
-------+----------+-------------------------------------------
     0 | D:1      | fozzywoppz the Minotaur Gladiator began the quest for the
                  | Orb.
     0 | D:1      | Reached XP level 1. HP: 18/18 MP: 0/0
   133 | D:1      | Reached XP level 2. HP: 25/25 MP: 1/1
   969 | D:2      | Reached XP level 3. HP: 31/31 MP: 2/2
  1590 | D:3      | Reached XP level 4. HP: 38/38 MP: 3/3
  1645 | D:3      | Found a basalt altar of Yredelemnul.
  1805 | D:3      | Noticed Pargi
  1815 | D:3      | Killed Pargi
  1816 | D:3      | Reached XP level 5. HP: 21/46 MP: 4/4
  1858 | D:3      | Found Vopamn's Armour Boutique.
  2006 | D:3      | Found a faded altar of an unknown god.
  2043 | D:3      | Noticed Terence
  2054 | D:3      | Killed Terence
  2454 | D:4      | HP: 1/46 [orc priest/divine providence (13)]
  2454 | D:4      | Slain by an orc

Illustrated notes

Levels and vault maps discovered:
D:1:      onia_arrival_mini_maze, layout_loops_cross
D:2:      layout_loops_ring, kennysheep_nondescript
D:3:      layout_loops_ring, general_overflow_altar, serial_shops, shop,
          shapermc_ecumenical_altar_petra, uniq_pargi, uniq_terence
D:4:      layout_basic, minmay_temple_entry_statues

Skill      XL: |  1  2  3  4  5 |
---------------+----------------+-----
Axes           | 4 |  4.9
Fighting       | 3 4 |  4.2
Dodging        | 4 |  4.6
Throwing       | 3 |  3.4

Action                     |  1- 3 |  4- 6 || total
---------------------------+-------+-------++-------
  Melee: War axe           |    56 |    37 ||    93
         Headbutt          |     3 |     7 ||    10
         Punch             |     1 |       ||     1
    Use: Potion            |       |     2 ||     2
   Stab: Sleeping          |       |     1 ||     1
 Armour: Leather armour    |    14 |     9 ||    23
         Skin              |       |     8 ||     8
  Dodge: Dodged            |    31 |    31 ||    62

Table legend: (Time is in decaauts)
 A = Elapsed time spent in this place.
 B = Non-inter-level travel time spent in this place.
 C = Inter-level travel time spent in this place.
 D = Time resting spent in this place.
 E = Time spent auto-exploring this place.
 F = Levels seen in this place.
 G = Mean time per level.
                   A        B        C        D        E       F      G
               +--------+--------+--------+--------+--------+-----+--------+
         Total |   2479 |   2399 |     80 |     42 |   1813 |   4 |  619.8 |
       Dungeon |   2479 |   2399 |     80 |     42 |   1813 |   4 |  619.8 |
               +--------+--------+--------+--------+--------+-----+--------+

Top non-repeatable levels by time:
     D:3: 927 daAuts
     D:1: 809 daAuts
     D:2: 691 daAuts
     D:4: 51 daAuts
